[Event "Titled Tuesday Blitz November 15 Early 2022"]
[White "Deuer, Marius"]
[Black "Shuvalov, Evgenij"]
[WhiteFideId "16236432"]
[BlackFideId "4187237"]
[WhiteElo "2226"]
[BlackElo "2049"]
[Result "0-1"]
[Round "07"]
[TimeControl "180+1"]
[Date "2022.11.16"]
[WhiteClock "0:00:03"]
[BlackClock "0:00:12"]

1. d4 Nf6 2. c4 g6 3. Nc3 d5 4. cxd5 Nxd5 5. e4 Nxc3 6. bxc3 Bg7 7. Bc4 c5 8. Ne2 O-O 9. O-O Nc6 10. Be3 b6 11. f3 Bb7 12. Qd2 Rc8 13. Rac1 e6 14. Rfd1 Qd7 15. a4 Rfd8 16. dxc5 Qxd2 17. Rxd2 Rxd2 18. Bxd2 Na5 19. Ba2 Rxc5 20. Be3 Rc8 21. Rd1 Ba6 22. Kf2 Kf8 23. Rd7 Nc6 24. Nf4 Bxc3 25. h4 Ke8 26. Rd1 Nb4 27. Bb3 Bc4 28. Bxc4 Rxc4 29. h5 Be5 30. Ne2 Rc2 31. f4 Bf6 32. e5 Be7 33. Kf3 Nd5 34. Nd4 Rc3 35. Re1 Bc5 36. Ke4 Nxe3 37. Rxe3 Rxe3+ 38. Kxe3 gxh5 39. Ke4 Bxd4 40. Kxd4 Kd7 41. Kc4 Kc6 42. Kb4 a6 43. Kc4 b5+ 44. axb5+ axb5+ 45. Kb4 h4 46. Kb3 Kc5 47. Kc3 b4+ 48. Kb3 Kb5 49. Kb2 Kc4 50. Kc2 b3+ 51. Kb2 Kb4 52. Kb1 Kc3 53. Kc1 b2+ 54. Kb1 Kb3 55. f5 exf5 56. g3 h3 57. e6 fxe6 58. g4 h2 59. gxf5 h1=R# 0-1


[Site "https://www.chess.com"]

[Event "Titled Tuesday Blitz November 15 Early 2022"]
[White "Devaev, Alexander"]
[Black "Chylewski, Patryk"]
[WhiteFideId "4169395"]
[BlackFideId "1186191"]
[WhiteElo "2225"]
[BlackElo "2192"]
[Result "1-0"]
[Round "07"]
[TimeControl "180+1"]
[Date "2022.11.16"]
[WhiteClock "0:00:15"]
[BlackClock "0:00:01"]

1. d4 Nf6 2. c4 e6 3. Nf3 b6 4. a3 Bb7 5. Nc3 d5 6. Bg5 dxc4 7. e3 Be7 8. Bxc4 O-O 9. O-O Nbd7 10. Qe2 a6 11. Rac1 b5 12. Ba2 c5 13. Rfd1 Qb6 14. Ne5 Rfd8 15. Nxd7 Rxd7 16. dxc5 Rxd1+ 17. Qxd1 Qxc5 18. Nd5 Nxd5 19. Rxc5 Bxc5 20. h3 h6 21. Bh4 Rc8 22. Bg3 Bb6 23. Kh2 g6 24. Be5 h5 25. Bxd5 Bxd5 26. g4 h4 27. g5 Bc7 28. Bxc7 Rxc7 29. Qd4 Rc2 30. Qxh4 Rxb2 31. Kg3 1-0


[Site "https://www.chess.com"]

[Event "Titled Tuesday Blitz November 15 Early 2022"]
[White "Donchenko, Alexander"]
[Black "Itgelt, Khuyagtsogt"]
[WhiteFideId "24603295"]
[BlackFideId "4902912"]
[WhiteElo "2572"]
[BlackElo "2129"]
[Result "0-1"]
[Round "07"]
[TimeControl "180+1"]
[Date "2022.11.16"]
[WhiteClock "0:00:11"]
[BlackClock "0:00:14"]

1. Nf3 Nf6 2. g3 e6 3. Bg2 d5 4. O-O Be7 5. b3 c5 6. Bb2 Nc6 7. e3 O-O 8. c4 b6 9. Nc3 Ba6 10. d3 Bb7 11. cxd5 exd5 12. d4 Re8 13. Rc1 Rc8 14. Re1 h6 15. Bh3 Rb8 16. Bg2 Bf8 17. dxc5 bxc5 18. Na4 Ne4 19. Nd2 Nb4 20. Nxe4 dxe4 21. Qg4 Nd3 22. Red1 Qc8 23. Qxc8 Rexc8 24. Rc4 f5 25. Ba3 Bd5 26. Rc2 Be6 27. Bf1 c4 28. Bxf8 Kxf8 29. bxc4 Rxc4 30. Rxc4 Bxc4 31. Nc5 Rd8 32. f3 Ke7 33. fxe4 Nxc5 34. Rxd8 Kxd8 35. Bxc4 Nxe4 36. Kg2 g5 37. Bd3 Nd6 38. Kf3 Ke7 39. g4 Kf6 40. h3 Ke5 41. Ke2 f4 42. Kf3 fxe3 43. Kxe3 Ne8 44. Bg6 Nc7 45. Be4 Ne6 46. Bd3 Nf4 47. Bf1 a5 48. a3 Kd5 49. h4 Ke5 50. hxg5 hxg5 51. Bc4 Ng6 52. Bd3 Nf4 53. Be4 Ne6 54. Bd3 Nc5 55. Bc4 Nd7 56. Bd3 Nf6 57. Be2 Nd5+ 58. Kf3 Nc3 59. Ba6 Kd4 60. Bc8 Nb1 61. a4 Nc3 62. Bd7 Ne4 63. Be8 Nc5 64. Bc6 Kd3 65. Bb5+ Kd4 66. Bc6 Nd3 67. Bb5 Ne5+ 68. Kg3 Ke3 69. Be8 Nc4 70. Bb5 Nd2 71. Bc6 Ne4+ 72. Bxe4 Kxe4 73. Kg2 Kf4 74. Kf2 Kxg4 75. Kg2 Kf4 76. Kf2 Ke4 77. Kg3 Kd4 78. Kg4 Kc4 79. Kxg5 Kb4 80. Kf4 Kxa4 81. Ke3 Kb3 82. Kd2 Kb2 83. Kd3 a4 84. Kc4 a3 0-1


[Site "https://www.chess.com"]

[Event "Titled Tuesday Blitz November 15 Early 2022"]
[White "Donskov, Anatoly"]
[Black "Injac, Teodora"]
[WhiteFideId "24143413"]
[BlackFideId "932400"]
[WhiteElo "2219"]
[BlackElo "2286"]
[Result "1-0"]
[Round "07"]
[TimeControl "180+1"]
[Date "2022.11.16"]
[WhiteClock "0:00:02"]
[BlackClock "0:00:02"]

1. e4 e6 2. d4 d5 3. Nc3 Nf6 4. e5 Nfd7 5. f4 c5 6. Nf3 Nc6 7. Be3 Be7 8. Qd2 O-O 9. Nd1 cxd4 10. Nxd4 Nxd4 11. Bxd4 Nb8 12. c3 Nc6 13. Ne3 Nxd4 14. cxd4 f6 15. Bd3 fxe5 16. fxe5 Bh4+ 17. g3 Bg5 18. Rf1 Bd7 19. O-O-O Qb6 20. Kb1 a5 21. h4 Bh6 22. Qe2 Rxf1 23. Nxf1 a4 24. Nh2 Kh8 25. Ng4 a3 26. Nxh6 gxh6 27. b3 Qxd4 28. Bxh7 Qc3 29. Rc1 Qxg3 30. Bd3 Rf8 31. Rc7 Qg1+ 32. Rc1 Qd4 33. Qd2 Rf4 34. Rc7 Rf1+ 35. Rc1 Rxc1+ 36. Kxc1 Qg1+ 37. Kc2 Qg7 38. Qb4 Be8 39. Qxa3 Bg6 40. Qd6 Bxd3+ 41. Kxd3 Qg6+ 42. Kd4 Qf7 43. Kc5 Kh7 44. b4 Kg6 45. b5 Kh5 46. Kb6 Kxh4 47. a4 Kg4 48. a5 h5 49. a6 bxa6 50. bxa6 Qf2+ 51. Kb7 Qb2+ 52. Ka8 h4 53. Qxe6+ Kg3 54. Qg6+ Kf3 55. Qf5+ Kg3 56. Qg5+ Kf3 57. e6 h3 58. Qxd5+ Kg3 59. e7 Qh8+ 60. Qd8 1-0


[Site "https://www.chess.com"]

[Event "Titled Tuesday Blitz November 15 Early 2022"]
[White "Durarbayli, Vasif"]
[Black "Xiong, Jeffery"]
[WhiteFideId "13402935"]
[BlackFideId "2047640"]
[WhiteElo "2586"]
[BlackElo "2725"]
[Result "1/2-1/2"]
[Round "07"]
[TimeControl "180+1"]
[Date "2022.11.15"]
[WhiteClock "0:00:43"]
[BlackClock "0:00:40"]

1. e4 e5 2. Nf3 Nf6 3. Nxe5 d6 4. Nf3 Nxe4 5. d4 d5 6. Bd3 Be7 7. O-O Bf5 8. Re1 O-O 9. Nbd2 Nd6 10. Nf1 Bg6 11. Ng3 Nd7 12. Bf4 c6 13. Qd2 Re8 14. Ne5 Nxe5 15. dxe5 Nc4 16. Qc3 Qb6 17. Bxg6 fxg6 18. Re2 Rf8 19. Be3 Nxe3 20. fxe3 Rae8 21. Rf1 Rxf1+ 22. Nxf1 Bb4 23. Qd4 Bc5 24. Qc3 Qb4 25. Qxb4 Bxb4 26. c3 Bc5 27. Rf2 Rxe5 28. Rf3 g5 29. h3 g6 30. Kf2 Kg7 31. Ke2 h5 32. Kd3 Bd6 33. b4 Rf5 34. Nd2 g4 35. hxg4 hxg4 36. Rf1 Rh5 37. e4 Rh2 38. Rf2 Rh5 39. a4 Bg3 40. Re2 Bf4 41. Nb3 Rh1 42. exd5 cxd5 43. Nc5 Kf6 44. Nxb7 Rd1+ 45. Kc2 Rc1+ 46. Kd3 Rd1+ 47. Kc2 Rc1+ 48. Kd3 Rd1+ 1/2-1/2


[Site "https://www.chess.com"]

[Event "Titled Tuesday Blitz November 15 Early 2022"]
[White "Fajdetic, Hrvoje"]
[Black "Salman, Pavel"]
[WhiteFideId "14501945"]
[BlackFideId "24153753"]
[WhiteElo "2172"]
[BlackElo "2187"]
[Result "0-1"]
[Round "07"]
[TimeControl "180+1"]
[Date "2022.11.16"]
[WhiteClock "0:00:01"]
[BlackClock "0:00:26"]

1. b3 d6 2. Bb2 e5 3. e3 f5 4. Ne2 Nf6 5. d4 e4 6. h4 Be6 7. c4 c6 8. Nbc3 Nbd7 9. Nf4 Bf7 10. Be2 g6 11. g4 fxg4 12. Bxg4 Qe7 13. d5 Ne5 14. Bh3 c5 15. Qc2 Nf3+ 16. Kf1 Bg7 17. Ne6 Bxe6 18. Bxe6 Rf8 19. b4 cxb4 20. Qa4+ Nd7 21. Qxb4 Nc5 22. Na4 Nxe6 23. Qb5+ Kf7 24. dxe6+ Kg8 25. Bxg7 Kxg7 26. Qb2+ Qf6 27. Qxf6+ Rxf6 28. Ke2 Rxe6 29. Rac1 b6 30. Nc3 Rf8 31. Nd5 Ne5 32. a4 Nd3 33. Nf4 Nxf4+ 34. exf4 Rxf4 35. h5 Ref6 36. Rh2 g5 37. a5 bxa5 38. Ra1 R4f5 39. h6+ Rxh6 40. Rg2 Rhf6 41. Ra2 h5 42. Ke1 g4 43. Re2 Rf4 44. Rg3 h4 45. Rge3 h3 46. Kf1 h2 47. Kg2 Rxf2+ 48. Rxf2 Rxf2+ 49. Kh1 Kf6 50. Rxe4 g3 51. Rg4 Rf1+ 52. Kg2 h1=Q+ 0-1


[Site "https://www.chess.com"]

[Event "Titled Tuesday Blitz November 15 Early 2022"]
[White "Fathy, Elameir"]
[Black "Goroshkov, Maksym"]
[WhiteFideId "10600396"]
[BlackFideId "14142716"]
[WhiteElo "2311"]
[BlackElo "2257"]
[Result "0-1"]
[Round "07"]
[TimeControl "180+1"]
[Date "2022.11.16"]
[WhiteClock "0:00:02"]
[BlackClock "0:00:31"]

1. d4 Nf6 2. c4 e5 3. dxe5 Ng4 4. e3 Nxe5 5. Nc3 Nbc6 6. f4 Ng6 7. Bd3 Bc5 8. Qh5 d6 9. Nf3 Qe7 10. Nd5 Qd8 11. Bd2 Be6 12. f5 Bxd5 13. fxg6 Bxf3 14. gxf7+ Kf8 15. gxf3 Ne5 16. Be2 Qf6 17. O-O-O Qxf7 18. Qh4 Re8 19. Kb1 Ng6 20. Qf2 Ne5 21. Ka1 Nxc4 22. Bxc4 Qxc4 23. Rhg1 Rg8 24. Rg4 Qd5 25. Qh4 Bxe3 26. Qxh7 Bxd2 27. Qc2 Re7 28. a3 Qxf3 29. Rg3 Qxd1+ 0-1


[Site "https://www.chess.com"]

[Event "Titled Tuesday Blitz November 15 Early 2022"]
[White "Fernandez Guillen, Ernesto J."]
[Black "Taboas Rodriguez, Daniel"]
[WhiteFideId "3512428"]
[BlackFideId "2208466"]
[WhiteElo "2450"]
[BlackElo "2329"]
[Result "1-0"]
[Round "07"]
[TimeControl "180+1"]
[Date "2022.11.16"]
[WhiteClock "0:02:20"]
[BlackClock "0:01:17"]

1. e4 e5 2. Nf3 Nc6 3. d4 exd4 4. Bc4 Nf6 5. O-O Nxe4 6. Re1 d5 7. Bxd5 Qxd5 8. Nc3 Qa5 9. Nxe4 Be6 10. Bd2 Qf5 11. Bg5 h6 12. Bh4 Bb4 13. Nxd4 Qd5 14. Nxe6 fxe6 15. Nf6+ 1-0


[Site "https://www.chess.com"]

[Event "Titled Tuesday Blitz November 15 Early 2022"]
[White "Fernandez Hernandez, Gerardo"]
[Black "Howell, David W L"]
[WhiteFideId "2207400"]
[BlackFideId "410608"]
[WhiteElo "2213"]
[BlackElo "2567"]
[Result "0-1"]
[Round "07"]
[TimeControl "180+1"]
[Date "2022.11.16"]
[WhiteClock "0:00:01"]
[BlackClock "0:00:49"]

1. e4 h6 2. d4 e6 3. Nc3 d5 4. Bd3 c5 5. Nf3 cxd4 6. Nxd4 Nc6 7. Nxc6 bxc6 8. O-O Bd6 9. Qe2 Ne7 10. e5 Bc7 11. Kh1 O-O 12. f4 c5 13. Qh5 f6 14. Bd2 f5 15. h3 Bb7 16. Nb5 Bb8 17. c4 dxc4 18. Bxc4 Qxd2 19. Bxe6+ Kh8 20. Rg1 Qxf4 21. Nd6 Bxd6 22. exd6 Qxd6 23. Rae1 Rf6 24. Bc4 Ng6 25. b3 Raf8 26. Qd1 Qg3 27. Qd3 Bxg2+ 0-1


[Site "https://www.chess.com"]

[Event "Titled Tuesday Blitz November 15 Early 2022"]
[White "Fernandez Siles, Luis"]
[Black "Safin, Robert"]
[WhiteFideId "2209420"]
[BlackFideId "34189120"]
[WhiteElo "2186"]
[BlackElo "2253"]
[Result "1-0"]
[Round "07"]
[TimeControl "180+1"]
[Date "2022.11.16"]
[WhiteClock "0:00:13"]
[BlackClock "0:00:01"]

1. d4 Nf6 2. c4 e6 3. Nc3 d5 4. cxd5 exd5 5. Bg5 c6 6. e3 Bf5 7. Qf3 Bg6 8. Bxf6 Qxf6 9. Qxf6 gxf6 10. Nf3 Nd7 11. Nh4 Bb4 12. Rc1 Nb6 13. b3 Ba3 14. Rd1 a5 15. f4 Bb4 16. Kd2 Be4 17. a4 Rc8 18. Bd3 c5 19. Rc1 cxd4 20. exd4 O-O 21. Rhe1 Rc7 22. Re3 Rfc8 23. Be2 Nd7 24. Bg4 Kf8 25. Bxd7 Rxd7 26. g3 Rdc7 27. Nf3 Ke7 28. Ng1 Kd6 29. Ne2 f5 30. Kd1 1-0


[Site "https://www.chess.com"]

[Event "Titled Tuesday Blitz November 15 Early 2022"]
[White "Fiol, Fabrice"]
[Black "Sailer, Mike"]
[WhiteFideId "611670"]
[BlackFideId "2012901"]
[WhiteElo "2410"]
[BlackElo "2109"]
[Result "1-0"]
[Round "07"]
[TimeControl "180+1"]
[Date "2022.11.16"]
[WhiteClock "0:00:28"]
[BlackClock "0:00:19"]

1. e4 d5 2. exd5 Qxd5 3. Nf3 Bg4 4. Be2 Nc6 5. d4 O-O-O 6. c4 Qf5 7. Be3 Nf6 8. Nc3 e5 9. d5 e4 10. Nd4 Nxd4 11. Qxd4 b6 12. Bxg4 Qxg4 13. O-O Bd6 14. f3 exf3 15. Rxf3 Rhe8 16. Bf2 h5 17. h3 Qg6 18. Qd1 Ne4 19. Nxe4 Rxe4 20. Qa4 Kb8 21. Rf1 Rde8 22. b4 Rxc4 23. Qxe8+ Kb7 24. a3 f6 25. Qe2 Rc2 26. Qd3 1-0


[Site "https://www.chess.com"]

[Event "Titled Tuesday Blitz November 15 Early 2022"]
[White "Galchenko, Matvey"]
[Black "Gabdrakhmanov, Azat"]
[WhiteFideId "24175480"]
[BlackFideId "34189197"]
[WhiteElo "2403"]
[BlackElo "2254"]
[Result "1-0"]
[Round "07"]
[TimeControl "180+1"]
[Date "2022.11.16"]
[WhiteClock "0:00:05"]
[BlackClock "0:00:06"]

1. f4 c5 2. Nf3 Nc6 3. g3 g6 4. Bg2 Bg7 5. O-O e6 6. d3 Nge7 7. Nc3 d5 8. e4 b6 9. h3 Bb7 10. g4 h5 11. e5 hxg4 12. hxg4 Qc7 13. Nb5 Qd7 14. Nd6+ Kf8 15. Ng5 Nd8 16. Qe2 Nc8 17. Nxb7 Qxb7 18. f5 gxf5 19. gxf5 Bh6 20. Qh5 Bg7 21. Qe2 Bh6 22. fxe6 Bxg5 23. Bxg5 Nxe6 24. Bf6 Rg8 25. c3 Ne7 26. Kh2 Ng6 27. Qh5 Ke8 28. Qh7 Rf8 29. Bh3 Nef4 30. Bf5 d4 31. Be4 Qc8 32. Rae1 Kd7 33. Bf5+ Ne6 34. Bxg6 Ng5 35. Bxg5 Rh8 36. Rxf7+ Kc6 37. Be4+ Kb5 38. c4+ Ka4 39. Bxa8 Qxa8 40. e6 Qg8 41. Qxh8 Qxh8+ 42. Kg3 Qh5 43. Re5 Qh1 44. Bf4 Qg1+ 45. Kf3 Qh1+ 46. Kg4 Qg2+ 47. Bg3 Qh1 48. e7 Qd1+ 49. Rf3 Kb4 50. e8=Q a6 51. a3+ Kb3 52. Re2 Qh1 53. Qe4 Qh7 54. Qxh7 1-0


[Site "https://www.chess.com"]

[Event "Titled Tuesday Blitz November 15 Early 2022"]
[White "Garcia Ramos, Daniel"]
[Black "Rakhmatullaev, Almas"]
[WhiteFideId "32010311"]
[BlackFideId "14205793"]
[WhiteElo "2357"]
[BlackElo "2221"]
[Result "0-1"]
[Round "07"]
[TimeControl "180+1"]
[Date "2022.11.16"]
[WhiteClock "0:00:01"]
[BlackClock "0:00:05"]

1. e4 e5 2. Nf3 Nc6 3. Bc4 Nf6 4. d3 Bc5 5. c3 d6 6. h3 O-O 7. Nbd2 a6 8. Bb3 Ne7 9. Nf1 Ng6 10. Be3 Ba7 11. Qd2 d5 12. Bxa7 Rxa7 13. O-O-O a5 14. Ne3 c6 15. Bc2 d4 16. cxd4 exd4 17. Nf5 c5 18. g4 a4 19. Kb1 Be6 20. Rc1 b5 21. g5 Nh5 22. Bd1 a3 23. b3 Bxf5 24. exf5 Ngf4 25. Rxc5 Qd6 26. b4 Rc7 27. Rxc7 Qxc7 28. Re1 Nd5 29. Nxd4 Nhf4 30. Bb3 Qb6 31. Nc2 Rc8 32. Nxa3 Nc3+ 33. Ka1 Qd4 34. Qb2 Nxd3 35. Nc2 Qd8 36. Qa3 Nxe1 37. Qa7 Nxc2+ 38. Kb2 Na4+ 39. Kb1 Qd1# 0-1


[Site "https://www.chess.com"]

[Event "Titled Tuesday Blitz November 15 Early 2022"]
[White "Garv Gaur"]
[Black "Saya, Ethan"]
[WhiteFideId "45030839"]
[BlackFideId "26095181"]
[WhiteElo "1960"]
[BlackElo "2162"]
[Result "0-1"]
[Round "07"]
[TimeControl "180+1"]
[Date "2022.11.16"]
[WhiteClock "0:00:01"]
[BlackClock "0:00:02"]

1. d4 Nf6 2. c4 e6 3. Nc3 Bb4 4. e3 O-O 5. Bd3 d5 6. cxd5 exd5 7. Qc2 c5 8. dxc5 Nc6 9. Nf3 d4 10. exd4 Bg4 11. Be3 Bxf3 12. gxf3 Nxd4 13. Bxd4 Qxd4 14. O-O-O Qxc5 15. Ne4 Nxe4 16. fxe4 Qe5 17. Kb1 a5 18. Rhg1 a4 19. a3 Be7 20. Qe2 Bf6 21. f4 Qxf4 22. Rdf1 Qe5 23. Rf5 Qd4 24. Rg3 Rfe8 25. Qg2 Rad8 26. h4 g6 27. h5 Rd6 28. hxg6 hxg6 29. Ka2 Rb6 30. Rf2 Rb3 31. Rxg6+ Kf8 32. Rgxf6 Rxb2+ 33. Rxb2 Qxf6 34. Qc2 Qe6+ 35. Qc4 Qxc4+ 36. Bxc4 Rxe4 37. Bd5 Rf4 38. Rxb7 f6 39. Rb8+ Ke7 40. Rb7+ Kd6 41. Bh1 Rf2+ 42. Rb2 Rf1 0-1


[Site "https://www.chess.com"]

[Event "Titled Tuesday Blitz November 15 Early 2022"]
[White "Gholami Orimi, Mahdi"]
[Black "Jarmula, Lukasz"]
[WhiteFideId "12558486"]
[BlackFideId "1160664"]
[WhiteElo "2330"]
[BlackElo "2357"]
[Result "0-1"]
[Round "07"]
[TimeControl "180+1"]
[Date "2022.11.15"]
[WhiteClock "0:00:19"]
[BlackClock "0:00:41"]

1. Nf3 d5 2. g3 c6 3. Bg2 Bg4 4. O-O Nd7 5. d3 e5 6. Nbd2 Ngf6 7. e4 Bd6 8. h3 Bh5 9. Qe1 O-O 10. Nh4 Re8 11. Nf5 Bf8 12. g4 Bg6 13. Nf3 Nc5 14. N3h4 Ne6 15. Kh1 Nf4 16. f3 Qb6 17. b3 a5 18. Bxf4 exf4 19. Qd2 Qc7 20. Rfe1 a4 21. Bf1 Nd7 22. Ng2 Bxf5 23. gxf5 Bd6 24. bxa4 Rxa4 25. d4 dxe4 26. Rxe4 Raa8 27. Rxe8+ Rxe8 28. Re1 Rxe1 29. Qxe1 Nf6 30. c4 c5 31. d5 h6 32. a4 Qb6 33. a5 Qb2 34. Bd3 Qd4 35. Qb1 Kh7 36. Kh2 Qf2 37. Qf1 Qg3+ 38. Kg1 Be5 39. Qc1 Bd4+ 40. Kf1 Qf2# 0-1


[Site "https://www.chess.com"]

[Event "Titled Tuesday Blitz November 15 Early 2022"]
[White "Ghosh, Chanchal Kumer"]
[Black "Gjestemoen-VonHirsch, Andre"]
[WhiteFideId "10201858"]
[BlackFideId "1539531"]
[WhiteElo "2058"]
[BlackElo "2198"]
[Result "0-1"]
[Round "07"]
[TimeControl "180+1"]
[Date "2022.11.16"]
[WhiteClock "0:00:10"]
[BlackClock "0:00:06"]

1. e4 g6 2. Nf3 Bg7 3. d4 c5 4. c3 Nf6 5. Bd3 d5 6. Nbd2 dxe4 7. Nxe4 Nc6 8. O-O Bg4 9. Nxc5 b6 10. Ne4 O-O 11. Nxf6+ Bxf6 12. Be4 Qd7 13. h3 Bf5 14. Qe2 Rad8 15. Re1 Rfe8 16. Bg5 Bxg5 17. Nxg5 e5 18. Bxc6 Qxc6 19. dxe5 Rd5 20. Qf3 h6 21. Nxf7 Kxf7 22. g4 Qe6 23. gxf5 gxf5 24. Qh5+ Ke7 25. f4 Rg8+ 26. Kh1 Qc6 27. Qf3 Rd3 28. Rf1 Rxf3 29. Rxf3 Qxf3+ 30. Kh2 Qg2# 0-1


[Site "https://www.chess.com"]

[Event "Titled Tuesday Blitz November 15 Early 2022"]
[White "Godzwon, Iwo"]
[Black "Sreyas Payyappat"]
[WhiteFideId "21802483"]
[BlackFideId "46674969"]
[WhiteElo "2284"]
[BlackElo "2083"]
[Result "0-1"]
[Round "07"]
[TimeControl "180+1"]
[Date "2022.11.16"]
[WhiteClock "0:00:29"]
[BlackClock "0:00:49"]

1. e4 c6 2. d4 d5 3. Nd2 dxe4 4. Nxe4 Nf6 5. Nxf6+ exf6 6. Be3 Bd6 7. Bd3 O-O 8. Ne2 Re8 9. O-O Nd7 10. Ng3 Nf8 11. Nf5 Bxf5 12. Bxf5 Qa5 13. Qf3 Rad8 14. c3 Qb6 15. b4 Re7 16. Rab1 a5 17. a3 axb4 18. axb4 Qb5 19. Rfc1 Qc4 20. Qd1 Rde8 21. Bd3 Qe6 22. Qf3 Bc7 23. g3 Qd6 24. b5 Ne6 25. Rc2 c5 26. dxc5 Qxd3 27. Rbb2 Nxc5 28. Rd2 Qc4 29. Qd1 Ne4 30. Rd4 Nxc3 31. Qc2 Ne2+ 32. Qxe2 Qxd4 0-1


[Site "https://www.chess.com"]

[Event "Titled Tuesday Blitz November 15 Early 2022"]
[White "Gokerkan, Cem Kaan"]
[Black "Ibadov, Dashgyn"]
[WhiteFideId "6336760"]
[BlackFideId "24107514"]
[WhiteElo "2365"]
[BlackElo "2208"]
[Result "1-0"]
[Round "07"]
[TimeControl "180+1"]
[Date "2022.11.16"]
[WhiteClock "0:01:08"]
[BlackClock "0:00:13"]

1. e4 c5 2. c3 d5 3. exd5 Qxd5 4. d4 Nf6 5. Nf3 Bg4 6. Be2 Nc6 7. h3 Bh5 8. O-O e6 9. Be3 cxd4 10. cxd4 Be7 11. Nc3 Qd6 12. Qb3 O-O 13. Rfd1 a6 14. d5 exd5 15. Nxd5 Bxf3 16. Bxf3 Nxd5 17. Rxd5 Qc7 18. Bb6 Qc8 19. Bg4 Qb8 20. Re1 Bf6 21. Rd7 g6 22. Bc5 Ne5 23. Rxb7 Qd8 24. Bxf8 Qxf8 25. Rxe5 Bxe5 26. Rxf7 Qxf7 27. Be6 Rf8 28. Bxf7+ Rxf7 29. g3 Kg7 30. Kg2 Bd4 31. f4 Re7 32. Qb4 Bf6 33. Kf3 Rd7 34. b3 h5 35. g4 Rd3+ 36. Ke4 Rxh3 37. g5 Bd8 38. Qd4+ 1-0


[Site "https://www.chess.com"]

[Event "Titled Tuesday Blitz November 15 Early 2022"]
[White "Goltsev, Dmitry"]
[Black "Volkov, Maksim"]
[WhiteFideId "24176710"]
[BlackFideId "54123070"]
[WhiteElo "2289"]
[BlackElo "2257"]
[Result "0-1"]
[Round "07"]
[TimeControl "180+1"]
[Date "2022.11.16"]
[WhiteClock "0:00:48"]
[BlackClock "0:01:18"]

1. e4 e6 2. d4 d5 3. exd5 exd5 4. Nf3 Bd6 5. Bd3 Ne7 6. c4 dxc4 7. Bxc4 O-O 8. O-O Nbc6 9. Nc3 Bg4 10. h3 Bh5 11. Bg5 a6 12. Re1 Qd7 13. a3 Rae8 14. b4 Nxd4 15. Qxd4 Bxf3 16. Qh4 Ng6 17. Bxf7+ Qxf7 18. Qd4 Be5 19. Qc5 Bc6 20. Be3 Nf4 21. f3 Nxh3+ 22. gxh3 Qxf3 23. Nd5 Bxd5 0-1


[Site "https://www.chess.com"]

[Event "Titled Tuesday Blitz November 15 Early 2022"]
[White "Golubev, Mikhail"]
[Black "Vifleemskaia, Svetlana"]
[WhiteFideId "14100983"]
[BlackFideId "4129490"]
[WhiteElo "2374"]
[BlackElo "1929"]
[Result "0-1"]
[Round "07"]
[TimeControl "180+1"]
[Date "2022.11.16"]
[WhiteClock "0:00:01"]
[BlackClock "0:00:05"]

1. e4 e5 2. d4 exd4 3. Qxd4 Nc6 4. Qd3 Nf6 5. Nc3 Bb4 6. Bd2 d6 7. O-O-O O-O 8. h3 a6 9. f4 b5 10. g4 Re8 11. Bg2 Bb7 12. g5 Nd7 13. Nge2 Nc5 14. Qg3 Na5 15. a3 Bxc3 16. Bxc3 Nc4 17. Rhe1 Nxe4 18. Bxe4 Rxe4 19. Nd4 Qd7 20. Rxe4 Bxe4 21. Re1 Re8 22. b3 Nb6 23. Kb2 c5 24. Nf3 d5 25. Ne5 Qf5 26. Ng4 d4 27. Nf6+ gxf6 28. gxf6+ Qg6 29. Qf2 dxc3+ 30. Ka2 Qxf6 31. Qxc5 Nd5 32. Rg1+ Kh8 33. h4 Qxf4 34. Qd4+ Qe5 35. Qf2 Bg6 36. Rd1 Ne3 37. Re1 Qe4 0-1


[Site "https://www.chess.com"]

[Event "Titled Tuesday Blitz November 15 Early 2022"]
[White "Gonzalez, Francisco Silva"]
[Black "Kopacz, Grzegorz"]
[WhiteFideId "1512285"]
[BlackFideId "1109880"]
[WhiteElo "2159"]
[BlackElo "2037"]
[Result "1-0"]
[Round "07"]
[TimeControl "180+1"]
[Date "2022.11.16"]
[WhiteClock "0:01:36"]
[BlackClock "0:00:45"]

1. d4 Nf6 2. c4 g6 3. Nc3 d5 4. Bf4 Bg7 5. Nf3 O-O 6. e3 c5 7. dxc5 Qa5 8. Rc1 Ne4 9. Be5 Nxc3 10. Bxc3 Qxc5 11. cxd5 Qd6 12. e4 Bg4 13. Be2 Bxf3 14. Bxf3 Nd7 15. O-O Ne5 16. Be2 Rac8 17. f4 Nd7 18. e5 Qb6+ 19. Kh1 Rfd8 20. Bg4 e6 21. d6 Qa6 22. Qe2 Qxa2 23. Ra1 Qd5 24. Rxa7 Nb6 25. Bf3 Qc4 26. Rxb7 Qxe2 27. Bxe2 Nd5 28. Ba5 Rf8 29. d7 Ra8 30. d8=Q Rfxd8 31. Bxd8 Rxd8 32. Rd1 Bh6 33. g3 Bf8 34. Bf3 Kg7 35. Bxd5 exd5 36. e6 Kf6 37. exf7 Be7 38. g4 Kxf7 39. Re1 Re8 40. Re5 d4 41. Kg2 Kf8 42. Rexe7 Rxe7 43. Rxe7 Kxe7 44. Kf3 Ke6 45. Ke4 h5 46. h3 hxg4 47. hxg4 1-0


[Site "https://www.chess.com"]

[Event "Titled Tuesday Blitz November 15 Early 2022"]
[White "Gorodetzky, David"]
[Black "Fedoseev, Vladimir"]
[WhiteFideId "2813416"]
[BlackFideId "24130737"]
[WhiteElo "2497"]
[BlackElo "2726"]
[Result "0-1"]
[Round "07"]
[TimeControl "180+1"]
[Date "2022.11.15"]
[WhiteClock "0:00:02"]
[BlackClock "0:01:25"]

1. c4 e5 2. Nc3 Nc6 3. Nf3 f5 4. g3 Nf6 5. Bg2 Bb4 6. Nd5 a5 7. O-O O-O 8. d3 Be7 9. d4 e4 10. Nxe7+ Qxe7 11. Nh4 d5 12. Bh3 dxc4 13. Bxf5 Bxf5 14. Nxf5 Qe6 15. Nh4 Rad8 16. Be3 Qh3 17. f3 Nd5 18. Bf2 e3 19. Be1 Rd6 20. f4 g5 21. Nf3 Rh6 22. Qc2 Rxf4 23. Rd1 b5 24. a4 g4 25. gxf4 Nxf4 0-1


[Site "https://www.chess.com"]

[Event "Titled Tuesday Blitz November 15 Early 2022"]
[White "Grapsa, Georgia"]
[Black "Gerbelli Neto, Eduardo"]
[WhiteFideId "4206436"]
[BlackFideId "2103281"]
[WhiteElo "1877"]
[BlackElo "2178"]
[Result "1-0"]
[Round "07"]
[TimeControl "180+1"]
[Date "2022.11.16"]
[WhiteClock "0:00:07"]
[BlackClock "0:00:01"]

1. e4 e5 2. Nf3 Nc6 3. Bb5 a6 4. Ba4 d6 5. Bxc6+ bxc6 6. d3 f5 7. Nc3 Nf6 8. h3 Be7 9. Bg5 O-O 10. Qd2 Rb8 11. b3 f4 12. Bxf6 Bxf6 13. d4 Qe7 14. d5 Bb7 15. O-O cxd5 16. Nxd5 Bxd5 17. Qxd5+ Qf7 18. c4 Rfc8 19. Rfd1 Qxd5 20. Rxd5 Be7 21. Rad1 Kf7 22. g3 g5 23. gxf4 gxf4 24. Kf1 Rg8 25. Ke2 Rg2 26. Rg1 Rxg1 27. Nxg1 c6 28. Ra5 Ra8 29. Nf3 Bd8 30. Ra4 Ke6 31. Rb4 Ra7 32. Rb8 Kd7 33. c5 Kc7 34. Rb4 dxc5 35. Rc4 Kd6 36. Ne1 Bb6 37. Nd3 a5 38. Nb2 Rg7 39. Kf1 h5 40. Rc3 Ke6 41. Nc4 Bc7 42. Rd3 Rd7 43. Ke2 Rg7 44. Kf1 Rg8 45. Nb2 Rb8 46. Na4 Rb4 47. Nxc5+ Kf6 48. Na6 Rb7 49. Rd7 Ra7 50. Nxc7 1-0


[Site "https://www.chess.com"]